 Dungeon Crawl Stone Soup version 0.28.0-45-g0d030f2227 (webtiles) character file.

Game seed: 10367229632565791028

336 MisterFreud the Covert (level 6, -3/53 HPs)
             Began as a Gnoll Delver on Apr 16, 2022.
             Was a Believer of Lugonu.
             Slain by a water moccasin (8 damage)
             ... on level 5 of the Dungeon.
             The game lasted 00:04:50 (2876 turns).

MisterFreud the Covert (Gnoll Delver)               Turns: 2876, Time: 00:04:51

Health: -3/53      AC:  3    Str: 12    XL:     6   Next: 54%
Magic:  9/9        EV: 13    Int: 11    God:    Lugonu [**....]
Gold:   142        SH:  0    Dex: 13    Spells: 9/9 levels left

rFire   . . .      SeeInvis .   a - +2 hand axe (vorpal)
rCold   . . .      Faith    .   (no shield)
rNeg    . . .      Spirit   .   m - +0 leather armour
rPois   .          Reflect  .   (no helmet)
rElec   .          Harm     .   (no cloak)
rCorr   .          Rampage  .   (no gloves)
Will    .....                   (no boots)
Stlth   ++++......              (no amulet)
HPRegen 0.17/turn               (no ring)
MPRegen 0.11/turn               (no ring)

@: no status effects
A: fangs 1, strong nose, distributed training
a: Renounce Religion, Depart the Abyss, Bend Space


You were on level 5 of the Dungeon.
You worshipped Lugonu.
Lugonu was pleased with you.
You visited 1 branch of the dungeon, and saw 5 of its levels.

You collected 142 gold pieces.

Inventory:

Hand Weapons
 a - a +2 vorpal hand axe (weapon)
 b - a +2 hunting sling of freezing
 p - a +0 short sword
Missiles
 k - 6 poisoned darts (quivered)
 o - 62 stones
 y - 38 sling bullets
Armour
 m - a +0 leather armour (worn)
Jewellery
 w - an amulet of reflection
 x - a ring of fire
Wands
 g - a wand of digging (3)
 i - a wand of iceblast (6)
 l - a wand of acid (9)
Scrolls
 c - a scroll of fog
 d - 2 scrolls of magic mapping
 e - a scroll of fear
 h - a scroll of enchant weapon {unknown}
 s - a scroll of teleportation {unknown}
 t - a scroll of brand weapon {unknown}
 u - a scroll of torment {unknown}
 v - 3 scrolls of identify {unknown}
 B - a scroll of vulnerability {unknown}
Potions
 f - 3 potions of haste
 j - 2 potions of curing {unknown}
 n - a potion of degeneration {unknown}
 q - 3 potions of mutation {unknown}
 r - a potion of invisibility {unknown}
 z - a potion of cancellation {unknown}
 A - 2 potions of heal wounds {unknown}


   Skills:
 + Level 6.8 Fighting
 + Level 5.0 Short Blades
 + Level 2.0 Long Blades
 + Level 2.0 Axes
 + Level 2.0 Maces & Flails
 + Level 2.0 Polearms
 + Level 2.0 Staves
 + Level 2.0 Slings
 + Level 2.0 Bows
 + Level 2.0 Crossbows
 + Level 2.0 Throwing
 + Level 2.0 Armour
 + Level 5.0 Dodging
 + Level 9.8 Stealth
 + Level 2.0 Shields
 + Level 2.0 Unarmed Combat
 + Level 2.0 Spellcasting
 + Level 1.6 Conjurations
 + Level 1.6 Hexes
 + Level 1.6 Summonings
 + Level 1.6 Necromancy
 + Level 1.6 Translocations
 + Level 1.6 Transmutations
 + Level 1.6 Fire Magic
 + Level 1.6 Ice Magic
 + Level 1.6 Air Magic
 + Level 1.6 Earth Magic
 + Level 1.6 Poison Magic
 + Level 2.2 Invocations
 + Level 2.0 Evocations


You had 9 spell levels left.
You didn't know any spells.
Your spell library contained the following spells:

 Spells                   Type           Power      Damage    Failure   Level
 Sandblast                Erth           8%         2d5       19%         1
 Passwall                 Tmut/Erth      3%         N/A       28%         2
 Stone Arrow              Conj/Erth      8%         3d7       50%         3


Dungeon Overview and Level Annotations

Branches:
Dungeon (5/15)
 Temple: D:4-7

Altars:
Dithmenos
Hepliaklqana
Kikubaaqudgha
Makhleb
Sif Muna
Lugonu


Innate Abilities, Weirdness & Mutations

You have very sharp teeth.
Your uncanny sense of smell can sniff out nearby items.
Your experience applies equally to all skills.


Message History

You hit the gnoll. You bite the gnoll.
The gnoll is heavily wounded.
The gnoll misses you. The gnoll closely misses you. The gnoll misses you. x2
You barely miss the gnoll.
The gnoll is heavily wounded.
The gnoll hits you from afar with a +0 halberd!
The gnoll closely misses you. The gnoll hits you with a +0 flail!
The gnoll hits you from afar with a +0 halberd.
You are too injured to fight recklessly!
You hit the gnoll. You bite the gnoll.
The gnoll is almost dead.
The gnoll hits you from afar with a +0 spear.
* * * LOW HITPOINT WARNING * * *
The gnoll closely misses you. The gnoll barely misses you.
You closely miss the gnoll.
The gnoll is almost dead.
The gnoll barely misses you. The gnoll hits you with a +0 flail!
* * * LOW HITPOINT WARNING * * *
The gnoll barely misses you.
You are too injured to fight recklessly!
A gnoll is nearby!
You can't go down here!
A gnoll is nearby!
You can't go down here!
There is a stone staircase leading down here.
The gnoll misses you.
You climb downwards.
The water moccasin hisses angrily.
Found a scroll of fear.
There is a stone staircase leading up here.
The water moccasin bites you.
* * * LOW HITPOINT WARNING * * *
Aiming: Corrosive Bolt
Press: ? - help, Shift-Dir - straight line, f - water moccasin
Aim: a water moccasin (53% to hit)
The bolt of acid hits the water moccasin!
The acid corrodes the water moccasin!
The water moccasin is moderately wounded.
The water moccasin bites you!
You die...

##+##
##...##
##.....##
##...@...##
#..^.S...?#
+....<....+
#.........#
##........#
##.....#.#
##...##...
##+## ###


You could see a water moccasin (corroded).

Vanquished Creatures
  Sigmund (D:2)
  2 hounds (D:4)
  5 adders
  An adder skeleton (D:4)
  2 worms (D:2)
  3 dart slugs
  4 orcs
  2 bats
  6 endoplasms
  2 giant cockroaches (D:1)
  5 goblins
  8 hobgoblins
  2 jackals (D:2)
  4 kobolds
  4 ball pythons
  8 frilled lizards
  2 rats (D:2)
61 creatures vanquished.

Notes
Turn   | Place    | Note
-------+----------+-------------------------------------------
     0 | D:5      | Reached skill level 9 in Stealth
     0 | D:5      | MisterFreud the Gnoll Delver began the quest for the Orb.
     0 | D:5      | Reached XP level 1. HP: 23/23 MP: 1/1
   119 | D:3      | Reached XP level 2. HP: 26/29 MP: 2/2
   228 | D:2      | Reached XP level 3. HP: 34/35 MP: 3/3
   405 | D:2      | Reached skill level 1 in Invocations
   730 | D:1      | Found a faded altar of an unknown god.
   793 | D:1      | Prayed at the altar of an unknown god.
   793 | D:1      | Became a worshipper of Lugonu the Unformed
   793 | D:1      | Reached * piety under Lugonu
   793 | D:1      | Reached ** piety under Lugonu
   892 | D:1      | Reached skill level 1 in Long Blades
   892 | D:1      | Reached skill level 1 in Axes
   892 | D:1      | Reached skill level 1 in Maces & Flails
   892 | D:1      | Reached skill level 1 in Polearms
   892 | D:1      | Reached skill level 1 in Staves
   892 | D:1      | Reached skill level 1 in Slings
   892 | D:1      | Reached skill level 1 in Bows
   892 | D:1      | Reached skill level 1 in Crossbows
   892 | D:1      | Reached skill level 1 in Throwing
   892 | D:1      | Reached skill level 1 in Armour
   892 | D:1      | Reached skill level 1 in Shields
   892 | D:1      | Reached skill level 1 in Unarmed Combat
   892 | D:1      | Reached skill level 1 in Spellcasting
   892 | D:1      | Reached skill level 1 in Evocations
   958 | D:1      | Reached XP level 4. HP: 35/41 MP: 5/5
  1576 | D:2      | Noticed Sigmund
  1596 | D:2      | Killed Sigmund
  1597 | D:2      | Reached skill level 1 in Conjurations
  1597 | D:2      | Reached skill level 1 in Hexes
  1597 | D:2      | Reached skill level 1 in Summonings
  1597 | D:2      | Reached skill level 1 in Necromancy
  1597 | D:2      | Reached skill level 1 in Translocations
  1597 | D:2      | Reached skill level 1 in Transmutations
  1597 | D:2      | Reached skill level 1 in Fire Magic
  1597 | D:2      | Reached skill level 1 in Ice Magic
  1597 | D:2      | Reached skill level 1 in Air Magic
  1597 | D:2      | Reached skill level 1 in Earth Magic
  1597 | D:2      | Reached skill level 1 in Poison Magic
  1597 | D:2      | Reached XP level 5. HP: 7/47 MP: 5/7
  1597 | D:2      | Reached XP level 6. HP: 8/53 MP: 5/8
  2293 | D:3      | Found a hazy altar of Hepliaklqana.
  2352 | D:3      | Found a burning altar of Makhleb.
  2402 | D:3      | Found a shadowy altar of Dithmenos.
  2592 | D:4      | Found an ancient bone altar of Kikubaaqudgha.
  2777 | D:4      | Reached skill level 5 in Short Blades
  2777 | D:4      | Reached skill level 5 in Dodging
  2841 | D:4      | Found a shimmering blue altar of Sif Muna.
  2873 | D:5      | Noticed a water moccasin
  2876 | D:5      | Slain by a water moccasin

Illustrated notes

Levels and vault maps discovered:
D:1:      lightli_arrival_quake, layout_loops_cross,
          ebering_ecumenical_altar_mist
D:2:      layout_rooms, minmay_misc_feat_columns, uniq_sigmund
D:3:      layout_rooms, lemuel_coloured_pillars_altar,
          nzn_hepliaklqana_mist_gate, mainiacjoe_overflow_alcove_4,
          glass_columns_a
D:4:      layout_rooms, lemuel_doored_altar, mainiacjoe_overflow_boulevard,
          temple_green, hangedman_glass_teeth, uniq_crazy_yiuf_cottage
D:5:      layout_loops_corners, glass_columns_b, minmay_crystal_room,
          minmay_statues_item, grunt_decor_fettered, kennysheep_generic_room_7

Skill      XL: |  1  2  3  4  5  6 |
---------------+-------------------+-----
Stealth        | |  9.8
Invocations    | 1 2 |  2.2
Long Blades    | 1 2 |  2.0
Axes           | 1 2 |  2.0
Maces & Flails | 1 2 |  2.0
Polearms       | 1 2 |  2.0
Staves         | 1 2 |  2.0
Slings         | 1 2 |  2.0
Bows           | 1 2 |  2.0
Crossbows      | 1 2 |  2.0
Throwing       | 1 2 |  2.0
Armour         | 1 2 |  2.0
Shields        | 1 2 |  2.0
Unarmed Combat | 1 2 |  2.0
Spellcasting   | 1 2 |  2.0
Evocations     | 1 2 |  2.0
Conjurations   | 1 |  1.6
Hexes          | 1 |  1.6
Summonings     | 1 |  1.6
Necromancy     | 1 |  1.6
Translocations | 1 |  1.6
Transmutations | 1 |  1.6
Fire Magic     | 1 |  1.6
Ice Magic      | 1 |  1.6
Air Magic      | 1 |  1.6
Earth Magic    | 1 |  1.6
Poison Magic   | 1 |  1.6
Short Blades   | 5 |  5.0
Dodging        | 5 |  5.0
Fighting       | |  6.8

Action                   |  1- 3 |  4- 6 || total
-------------------------+-------+-------++-------
Melee: Short sword       |    91 |    21 ||   112
       Bite              |     9 |     6 ||    15
       Punch             |     1 |     1 ||     2
       Hand axe          |       |    44 ||    44
 Fire: Hunting sling     |       |    46 ||    46
Throw: Dart              |     1 |       ||     1
Evoke: Wand              |       |     1 ||     1
 Stab: Sleeping          |    10 |     6 ||    16
Armor: Leather armour    |    14 |    10 ||    24
Dodge: Dodged            |    40 |    57 ||    97
